 Dungeon Crawl Stone Soup version 0.31-a0-845-g9abc20d24f (webtiles) character file.

Game seed: 10636098433102637089

59 Shayle the Conjurer (level 3, -1/28 HPs)
             Began as a Demonspawn Reaver on Oct 2, 2023.
             Slain by a gnoll bouda
             ... wielding a +0 whip
              (6 damage)
             ... on level 2 of the Dungeon.
             The game lasted 00:02:42 (992 turns).

Shayle the Conjurer (Demonspawn Reaver)              Turns: 992, Time: 00:02:44

Health: -1/28      AC:  3    Str: 12    XL:     3   Next: 78%
Magic:  6/6        EV: 13    Int: 16    God:
Gold:   93         SH:  0    Dex: 11    Spells: 6/7 levels left

rFire   . . .        g - +1 sling (heavy)
rCold   . . .        (no shield)
rNeg    . . .        b - +0 leather armour
rPois   .            (no helmet)
rElec   .            (no cloak)
rCorr   .            (no gloves)
SInv    .            (no boots)
Will    .....        (no amulet)
Stlth   +            (no ring)
HPRegen 0.24/turn    (no ring)
MPRegen 0.10/turn

%: no passive effects
@: no status effects
A: repulsion field 1, demonic touch 1
a: no special abilities


You were on level 2 of the Dungeon.
You visited 1 branch of the dungeon, and saw 3 of its levels.

You collected 93 gold pieces.

Inventory:

Hand Weapons
 a - a +0 spear
 g - a +1 heavy sling (weapon)
 m - a +1 mace of protection
Armour
 b - a +0 leather armour (worn)
Jewellery
 k - a ring of see invisible
Scrolls
 c - 4 scrolls of teleportation
 h - a scroll of enchant weapon {unknown}
 i - a scroll of summoning {unknown}
 j - a scroll of blinking {unknown}
 l - a scroll of fog {unknown}
Potions
 e - a potion of heal wounds
 f - 4 potions of haste
 n - a potion of curing


   Skills:
 + Level 2.6 Fighting
 - Level 2.6 Polearms
 + Level 1.3 Armour
 - Level 1.7 Dodging
 + Level 2.6 Spellcasting
 - Level 3.0 Conjurations
 + Level 1.6 Necromancy


You had 6 spell levels left.
You knew the following spells:

 Your Spells              Type           Power      Damage    Failure   Level
a - Kiss of Death         Conj/Necr      36%        2d8       10%         1

Your spell library contained the following spells:

 Spells                   Type           Power      Damage    Failure   Level
 Momentum Strike          Conj/Tloc      12%        3d8       21%         2
 Hailstorm                Conj/Ice       6%         3d4       38%         3
 Call Canine Familiar     Summ           2%         N/A       58%         3
 Sigil of Binding         Hex            2%         N/A       58%         3
 Dimensional Bullseye     Hex/Tloc       1%         N/A       94%         4
 Leda's Liquefaction      Hex/Erth       1%         N/A       94%         4


Dungeon Overview and Level Annotations

Branches:
Dungeon (3/15)

Altars:


Innate Abilities, Weirdness & Mutations

You are surrounded by a mild repulsion field. (EV +2)
Your touch may inflict minor irresistible damage on your foes.


Message History

You shoot a sling bullet. The sling bullet hits the worm!
The worm is severely wounded.
The worm closely misses you.
You shoot a sling bullet. The sling bullet hits the worm!
You kill the worm!
Items here: ) ††††.
You start resting.
HP restored.
You see here a +0 robe.
You see here a +0 robe.
The gnoll shouts!
You hear a shout!
Items here: ) ††††.
Fire: g) +1 sling (heavy)
Press: ? - help, Q - select action, (/) - cycle Shift-Dir - straight line, f - gnoll
Aim: a gnoll, wielding a +0 club (58% to hit)
You shoot a sling bullet.
The sling bullet barely misses the gnoll.
Fire: g) +1 sling (heavy)
Press: ? - help, Q - select action, (/) - cycle Shift-Dir - straight line, f/p - gnoll
Aim: a gnoll, wielding a +0 club (58% to hit)
You shoot a sling bullet. The sling bullet hits the gnoll!
The gnoll is almost dead.
The gnoll bouda calls upon its god to heal the gnoll.
The gnoll is healed somewhat.
The gnoll bouda gazes fiercely through you!
You feel your attacks grow feeble.
You shoot a sling bullet. The sling bullet hits the gnoll!
You kill the gnoll!
You shoot a sling bullet.
The sling bullet closely misses the gnoll bouda.
The gnoll bouda hits you with a +0 whip.
The gnoll bouda hits you with a +0 whip!
The gnoll bouda barely misses you.
You shoot a sling bullet.
The sling bullet barely misses the gnoll bouda.
Your attacks no longer feel as feeble.
The gnoll bouda hits you with a +0 whip!
* * * LOW HITPOINT WARNING * * *
The gnoll bouda hits you with a +0 whip.
You die...

#......(..# #.........#
#........^# #.........#
#.........### #.........[.##
... #.........#..# ..g
#.........##.##### ....
############..@g.# .....###
##.....#.....##..# .......###
##.............##.####.# ##g..#
#..)............#.)....# #.....
#.......).......# ###..###..g..
#...............# #..##.....
#...............######..##.....
#........................†.....
#...............#######)##....)


You could see a gnoll bouda.

Vanquished Creatures
  2 gnolls (D:2)
  An adder (D:2)
  2 worms (D:2)
  2 dart slugs
  2 bats
  4 goblins
  2 hobgoblins (D:2)
  A kobold (D:2)
  2 ball pythons
  2 frilled lizards
  5 rats
25 creatures vanquished.

Notes
Turn   | Place    | Note
-------+----------+-------------------------------------------
     0 | D:1      | Shayle the Demonspawn Reaver began the quest for the Orb.
     0 | D:1      | Reached XP level 1. HP: 16/16 MP: 3/3
   365 | D:1      | Gained mutation: Your touch may inflict minor irresistible
                  | damage on your foes. [demonic ancestry]
   365 | D:1      | Reached XP level 2. HP: 22/22 MP: 5/5
   653 | D:2      | Reached skill level 1 in Necromancy
   797 | D:2      | Found a faded altar of an unknown god.
   809 | D:2      | Reached skill level 1 in Armour
   836 | D:2      | Gained mutation: You are surrounded by a mild repulsion
                  | field. (EV +2) [demonic ancestry]
   836 | D:2      | Reached XP level 3. HP: 26/28 MP: 6/6
   992 | D:2      | Slain by a gnoll bouda

Illustrated notes

Levels and vault maps discovered:
D:1:      lemuel_arrival_lava_pool, layout_rooms
D:2:      layout_rooms, nicolae_ecumenical_oubliette
D:3:      layout_basic, mainiacjoe_overflow_cross_hatched,
          ebering_ghost_rock_garden

Skill      XL: |  1  2 |
---------------+-------+-----
Necromancy     | 1 |  1.6
Armour         | 1 |  1.3
Fighting       | |  2.6
Polearms       | |  2.6
Dodging        | |  1.7
Spellcasting   | |  2.6
Conjurations   | |  3.0

Action                     || total
---------------------------++-------
  Melee: Spear             ||    15
         Punch             ||     2
   Fire: Sling             ||    47
    Use: Scroll            ||     4
 Armour: Leather armour    ||    30
  Dodge: Dodged            ||    26

Table legend: (Time is in decaauts)
 A = Elapsed time spent in this place.
 B = Non-inter-level travel time spent in this place.
 C = Inter-level travel time spent in this place.
 D = Time resting spent in this place.
 E = Time spent auto-exploring this place.
 F = Levels seen in this place.
 G = Mean time per level.
                   A        B        C        D        E       F      G
               +--------+--------+--------+--------+--------+-----+--------+
         Total |   1044 |   1001 |     43 |    114 |    639 |   3 |  348.0 |
       Dungeon |   1044 |   1001 |     43 |    114 |    639 |   3 |  348.0 |
               +--------+--------+--------+--------+--------+-----+--------+

Top non-repeatable levels by time:
     D:1: 612 daAuts
     D:2: 430 daAuts
     D:3: 1 daAuts
